 Dungeon Crawl Stone Soup version 0.28-a0-653-g7e9dba17c3 (webtiles) character file.

Game seed: 13424175106844417601

1617 Johnny the Chiller (level 8, 0/71 HPs)
             Began as a Grey Draconian Ice Elementalist on Oct 12, 2021.
             Slain by Harold (6 damage)
             ... on level 7 of the Dungeon.
             The game lasted 00:05:54 (6587 turns).

Johnny the Chiller (DrIE)                           Turns: 6587, Time: 00:05:54

Health: 0/71       AC: 13    Str: 11    XL:     8   Next: 64%
Magic:  0/17       EV: 16    Int: 17    God:
Gold:   282        SH:  0    Dex: 12    Spells: 12/19 levels left

rFire   . . .      SeeInvis .   e - +1 hand axe (freeze)
rCold   . . .      Faith    .   (no shield)
rNeg    . . .      Spirit   .   (armour unavailable)
rPois   .          Reflect  .   (helmet restricted)
rElec   .          Harm     .   (no cloak)
rCorr   .          Rampage  .   q - +1 pair of gloves
Will    .....                   (no boots)
Stlth   ++........              (no amulet)
HPRegen 0.21/turn               d - +4 ring of evasion
MPRegen 0.15/turn               h - +4 ring of slaying

@: marked
A: AC +11, amphibious, unfitting armour, cold-blooded
a: no special abilities


You were on level 7 of the Dungeon.
You visited 2 branches of the dungeon, and saw 8 of its levels.

You collected 282 gold pieces.

Inventory:

Hand Weapons
 e - a +1 hand axe of freezing (weapon)
 f - a +0 short sword of distortion
Armour
 q - a +1 pair of gloves (worn)
Jewellery
 d - a +4 ring of evasion (left hand)
 h - a +4 ring of slaying (right hand)
 o - a ring of protection from fire
 p - an amulet of guardian spirit
Wands
 r - a wand of polymorph (14)
Scrolls
 a - a scroll of blinking
 b - a scroll of fear
 l - a scroll of enchant armour
Potions
 v - a potion of attraction


   Skills:
 + Level 6.8 Fighting
 - Level 1.7 Dodging
 - Level 1.7 Stealth
 + Level 6.1 Spellcasting
 + Level 7.5 Ice Magic


You had 12 spell levels left.
You knew the following spells:

 Your Spells              Type           Power      Damage    Failure   Level
a - Freeze                Ice            100%       1d11      1%          1
b - Frozen Ramparts       Ice            60%        1d8       1%          3
c - Ozocubu's Armour      Ice            30%        N/A       1%          3

Your spell library contained the following spells:

 Spells                   Type           Power      Damage    Failure   Level
 Animate Skeleton         Necr           10%        N/A       13%         1
 Apportation              Tloc           10%        N/A       13%         1
 Summon Small Mammal      Summ           20%        N/A       13%         1
 Slow                     Hex            5%         N/A       19%         2
 Hailstorm                Conj/Ice       18%        3d6       26%         4
 Confusing Touch          Hex            5%         N/A       36%         3
 Portal Projectile        Hex/Tloc       10%        N/A       36%         3
 Vampiric Draining        Necr           2%         2d6       36%         3
 Fulminant Prism          Conj/Hex       2%         3d6       77%         4


Dungeon Overview and Level Annotations

Branches:
Dungeon (7/15)             Temple (1/1) D:7

Altars:
Ashenzari
Cheibriados
Dithmenos
Elyvilon
Fedhas
Gozag
Hepliaklqana
Kikubaaqudgha
Makhleb
Nemelex Xobeh
Okawaru
Qazlal
Ru
Sif Muna
Trog
Uskayaw
Vehumet
Wu Jian
Xom
Yredelemnul
Zin
The Shining One

Annotations:
D:7 Harold


Innate Abilities, Weirdness & Mutations

Your dull iron-grey scales are very hard. (AC +11)
You are amphibious.
You cannot fit into any form of body armour.
You are cold-blooded and may be slowed by cold attacks.


Message History

Harold hits your iguana with a +3 antimagic trident!!
Your iguana dies!
Your iguana's corpse dissolves into shadows!
Casting: Frozen Ramparts (safe; 1% risk of failure)
Confirm with . or Enter, or press ? or * to list all spells.
Casting: Frozen Ramparts (safe; 1% risk of failure)
Press: ? - help, Dir - look around, f - activate The walls around you are covered in ice.
The wall freezes Harold.
Harold barely misses you.
Casting: Frozen Ramparts (safe; 1% risk of failure)
Confirm with . or Enter, or press ? or * to list all spells.
A film of ice covers your body!
The wall freezes Harold.
Harold says, "Listen, it's nothing personal.
It's just a job."
Harold fires a harpoon shot at you. The harpoon shot misses you.
The wall freezes Harold.
Harold hits you from afar with a +3 antimagic trident!
The wall freezes Harold!
Harold hits you from afar with a +3 antimagic trident!
* * * LOW HITPOINT WARNING * * *
The wall freezes Harold.
Harold hits you but does no damage.
The wall freezes Harold.
Harold hits you from afar with a +3 antimagic trident.
* * * LOW HITPOINT WARNING * * *
The wall freezes Harold.
Harold hits you from afar with a +3 antimagic trident.
* * * LOW HITPOINT WARNING * * *
You feel your power leaking away.
The frozen ramparts melt away.
Harold fires a harpoon shot at you. The harpoon shot misses you.
Okay, then.
Your icy armour will break if you move.
Continue?
Your icy armour cracks and falls away as you move.
Harold barely misses you.
You completely miss Harold. You tail-slap Harold.
Harold is almost dead.
Harold says, "Do you have any idea what people are willing to pay to have you killed, Johnny?"
Harold hits you with a +3 antimagic trident.
You die...

########
**********#......# ***
,,........#......# *,,
,,........#.....@# *,,
,,........#.....@# *,,
,,,.......#......# *,,
,,,*#.....#......# *,,
,,,*#.....#......# *,,
,,,##.....#......######
***
,,,#.....<#######.....#
*
,,,#.........)).#(....#
*
,,,##...###+###.#.....#
*


You could see Harold.

Vanquished Creatures
  A komodo dragon (D:7)
  Prince Ribbit (D:5)
  A black bear (D:3)
  2 ogres
  A centaur (D:6)
  4 scorpions
  A water moccasin skeleton (D:5)
  A centaur zombie (D:5)
  3 bullfrog skeletons
  A gnoll shaman (D:5)
  A hound (D:4)
  An orc wizard (D:2)
  2 hound skeletons
  A howler monkey zombie (D:5)
  7 gnolls
  13 adders
  A shadow imp (D:5)
  A white imp (D:6)
  3 ufetubi
  4 worms
  2 dart slugs (D:3)
  14 orcs
  8 ball pythons
  2 bats
  4 endoplasms
  6 giant cockroaches
  3 hobgoblins
  4 jackals (D:2)
  8 kobolds
  5 quokkas
  A frilled lizard (D:3)
  6 goblins
  A jackal skeleton (D:4)
  7 rats
121 creatures vanquished.

Notes
Turn   | Place    | Note
-------+----------+-------------------------------------------
     0 | D:1      | Johnny the Draconian Ice Elementalist began the quest for
                  | the Orb.
     0 | D:1      | Reached XP level 1. HP: 14/14 MP: 3/3
   683 | D:1      | Reached XP level 2. HP: 22/22 MP: 3/5
   686 | D:1      | Reached skill level 1 in Fighting
  1434 | D:2      | Reached XP level 3. HP: 23/28 MP: 1/6
  1512 | D:1      | Learned a level 3 spell: Frozen Ramparts
  1516 | D:1      | Learned a level 3 spell: Ozocubu's Armour
  1931 | D:2      | Reached XP level 4. HP: 12/37 MP: 0/8
  2897 | D:3      | Reached XP level 5. HP: 44/44 MP: 9/9
  3076 | D:3      | Reached skill level 5 in Ice Magic
  3153 | D:3      | Found a faded altar of an unknown god.
  3257 | D:3      | Noticed a black bear
  3263 | D:3      | Killed a black bear
  3644 | D:3      | Found a basalt altar of Yredelemnul.
  3768 | D:3      | Reached XP level 6. HP: 51/51 MP: 11/11
  4168 | D:4      | Found a radiant altar of Vehumet.
  4303 | D:4      | Your scales start taking on a dull iron-grey colour.
  4303 | D:4      | Reached XP level 7. HP: 32/60 MP: 13/13
  4599 | D:4      | Reached skill level 6 in Ice Magic
  4879 | D:5      | Entered Level 5 of the Dungeon
  4884 | D:5      | Found an iron altar of Okawaru.
  4884 | D:5      | Found a burning altar of Makhleb.
  4897 | D:5      | Found a glowing golden altar of the Shining One.
  4897 | D:5      | Found a sacrificial altar of Ru.
  4958 | D:5      | Noticed Prince Ribbit
  4966 | D:5      | Killed Prince Ribbit
  4967 | D:5      | Reached skill level 5 in Fighting
  4967 | D:5      | Reached skill level 5 in Spellcasting
  5170 | D:5      | Reached XP level 8. HP: 70/70 MP: 15/15
  5744 | D:6      | Got the Incunabulum of Bewitchment
  5830 | D:6      | Reached skill level 7 in Ice Magic
  6182 | D:7      | Found a staircase to the Ecumenical Temple.
  6201 | D:7      | Noticed a komodo dragon
  6217 | D:7      | Killed a komodo dragon
  6236 | Temple   | Entered the Ecumenical Temple
  6500 | D:7      | Noticed Harold
  6587 | D:7      | Slain by Harold

Illustrated notes

Levels and vault maps discovered:
D:1:      nzn_arrival_water_spiral, layout_basic
D:2:      layout_rooms, st_stairs_9, kennysheep_generic_room_12
D:3:      layout_loops_ring, mainiacjoe_overflow_alcove_2, portal_sewer_entry_d,
          basic_ecumenical_altar, due_unseen_surprise
D:4:      layout_basic, mainiacjoe_overflow_six_doors_small, minivault_11,
          st_stairs_4
D:5:      layout_loops_ring, grunt_temple_overflow_open, uniq_prince_ribbit1
D:6:      layout_cave_pools
D:7:      layout_gridville, minmay_temple_entry_glassed_door, uniq_harold
Temple:   nicolae_temple_x_marks_the_god

Skill      XL: |  1  2  3  4  5  6  7  8 |
---------------+-------------------------+-----
Fighting       | 1 2 3 4 5 6 |  6.8
Spellcasting   | 3 4 5 6 |  6.1
Ice Magic      | 5 6 7 |  7.5
Dodging        | |  1.7
Stealth        | |  1.7

Action                   |  1- 3 |  4- 6 |  7- 9 || total
-------------------------+-------+-------+-------++-------
Melee: Unarmed           |    84 |       |       ||    84
       Tailslap          |    12 |    10 |    12 ||    34
       Hand axe          |    13 |   112 |   136 ||   261
 Cast: Freeze            |    21 |     6 |     5 ||    32
       Frozen Ramparts   |     2 |     2 |     6 ||    10
       Ozocubu's Armour  |       |     1 |     5 ||     6
  Use: Scroll            |       |       |    14 ||    14
       Potion            |       |       |     5 ||     5
 Stab: Sleeping          |     5 |     3 |     2 ||    10
       Distracted        |       |     1 |       ||     1
Armor: Skin              |    29 |    31 |    72 ||   132
Dodge: Dodged            |    77 |   110 |   147 ||   334

Table legend: (Time is in decaauts)
 A = Elapsed time spent in this place.
 B = Non-inter-level travel time spent in this place.
 C = Inter-level travel time spent in this place.
 D = Time resting spent in this place.
 E = Time spent auto-exploring this place.
 F = Levels seen in this place.
 G = Mean time per level.
                   A        B        C        D        E       F      G
               +--------+--------+--------+--------+--------+-----+--------+
         Total |   6672 |   6477 |    195 |    577 |   4830 |   8 |  834.0 |
       Dungeon |   6423 |   6253 |    170 |    577 |   4611 |   7 |  917.6 |
        Temple |    248 |    224 |     24 |      0 |    219 |   1 |  248.0 |
               +--------+--------+--------+--------+--------+-----+--------+

Top non-repeatable levels by time:
     D:1: 1532 daAuts
     D:2: 1226 daAuts
     D:3: 1089 daAuts
     D:4: 1082 daAuts
     D:5: 768 daAuts
     D:6: 545 daAuts
  Temple: 248 daAuts
     D:7: 178 daAuts
